 Dungeon Crawl Stone Soup version 0.27-b1-23-g44b8eac545 (webtiles) character file.

Game seed: 9941700922776429797

70 MisterFreud the Sneak (level 4, -7/30 HPs)
             Began as a Demonspawn Air Elementalist on July 27, 2021.
             Hit by a javelin thrown by a gnoll (10 damage)
             ... on level 3 of the Dungeon.
             The game lasted 00:04:11 (2518 turns).

MisterFreud the Sneak (Demonspawn Air Elementalist) Turns: 2518, Time: 00:04:12

Health: -7/30      AC:  2    Str:  8    XL:     4   Next: 4%
Magic:  0/7        EV: 16    Int: 18    God:
Gold:   105        SH:  0    Dex: 13    Spells: 6/7 levels left

rFire    . . .     SeeInvis .   l - +1 hand axe (vorpal)
rCold    . . .     Faith    +   (no shield)
rNeg     . . .     Spirit   .   a - +0 robe
rPois    .         Reflect  .   (no helmet)
rElec    .         Harm     .   (no cloak)
rCorr    .         Rampage  .   (no gloves)
Will     .....                  (no boots)
Stlth    ++........             k - amulet of faith
HPRegen  0.10/turn              h - +4 ring of evasion
MPRegen  0.10/turn              (no ring)

@: no status effects
A: ignite blood 1
a: no special abilities


You were on level 3 of the Dungeon.
You visited 1 branch of the dungeon, and saw 3 of its levels.

You collected 105 gold pieces.

Inventory:

Hand Weapons
 b - a +0 dagger
 l - a +1 vorpal hand axe (weapon)
Armour
 a - a +0 robe (worn)
Jewellery
 h - a +4 ring of evasion (left hand)
 k - an amulet of faith (around neck)
Scrolls
 c - a scroll of blinking {unknown}
 d - 2 scrolls of identify {unknown}
 e - 4 scrolls of teleportation {unknown}
 g - a scroll of magic mapping {unknown}
 j - a scroll of amnesia {unknown}
 m - a scroll of noise {unknown}
Potions
 f - a potion of magic {unknown}
 i - a potion of might {unknown}


   Skills:
 - Level 1.7 Dodging
 - Level 3.1 Stealth
 - Level 2.0 Spellcasting
 + Level 3.0 Conjurations
 + Level 2.6 Air Magic


You had 6 spell levels left.
You knew the following spells:

 Your Spells              Type           Power      Damage    Failure   Level
a - Shock                 Conj/Air       48%        1d6       5%          1

Your spell library contained the following spells:

 Spells                   Type           Power      Damage    Failure   Level
 Static Discharge         Conj/Air       12%        N/A       9%          2
 Corpse Rot               Necr/Air       N/A        N/A       16%         2
 Poisonous Vapours        Pois/Air       12%        N/A       16%         2
 Swiftness                Air            11%        N/A       19%         3
 Airstrike                Air            5%         N/A       52%         4
 Freezing Cloud           Conj/Ice/Air   4%         6-21      93%         5


Dungeon Overview and Level Annotations

Branches:
Dungeon (3/15)

Altars:
Trog

Shops:
D:3 ?


Innate Abilities, Weirdness & Mutations

Your demonic aura sometimes causes spilled blood to erupt in flames.


Message History

Deactivating autopickup; reactivate with Ctrl-A.
Found 5 gold pieces.
There is an open door here.
The gnoll throws a javelin.
The javelin barely misses you.
The gnoll throws a javelin.
The javelin misses you.
Casting: Shock (safe; 5% risk of failure)
Confirm with . or Enter, or press ? or * to list all spells.
Aiming: Shock (safe; 5% risk of failure)
Press: ? - help, Shift-Dir - straight line, f/p - gnoll
Aim: a gnoll, wielding a +0 flail and quivering javelins (72% to hit)
The zap hits the gnoll.
The gnoll is lightly wounded.
The gnoll barely misses you.
Casting: Shock (safe; 5% risk of failure)
Confirm with . or Enter, or press ? or * to list all spells.
Aiming: Shock (safe; 5% risk of failure)
Press: ? - help, Shift-Dir - straight line, p - gnoll The zap misses the gnoll.
The zap hits the gnoll.
The gnoll is heavily wounded.
The gnoll hits you with a +0 flail!
Unknown command.
Casting: Shock (safe; 5% risk of failure)
Confirm with . or Enter, or press ? or * to list all spells.
You don't have enough magic to cast this spell.
Unknown command.
You barely miss the gnoll.
The gnoll is heavily wounded.
You miss something. Something hits you. The gnoll hits you with a +0 flail.
Something hits you.
* * * LOW HITPOINT WARNING * * *
You hit the gnoll but do no damage.
The gnoll is heavily wounded.
You hit something but do no damage. The gnoll completely misses you.
Something completely misses you. The gnoll hits you with a +0 flail!
* * * LOW HITPOINT WARNING * * *
Unknown command.
The gnoll throws a javelin.
Reactivating autopickup.
The javelin pierces through you!
You die...

.>......................#.#......
##..########...........#.#.#.#...
......# ######.#.#.#.#.#.#.#.#
##..#.# #####.#.#.#)#.#.#.#.
....#.# #....#.#.#.#.#.#.#.#
###.#.##### #....+#.#.#.#.#.#.#.
..........# #....#.#.#.#.#.#.#.#
###..<....# #.....#.#.#.#.#.#.#.
#.......# #..@.#.#.#.#.#.#.#.#
#.......# #..).'#.#.#.#.# #.#.
#.......# #....#.#.#.#.#.# #.#
#.......# #..g..#.#.#.#.#)# #.
#.......# #####.#.#.#.#.#.#g# #
#.......# #......#.#.#.#.#.#g#
#.......# #.......#.#.#.#.#.#.#
######### #......#.#.#.#.#.#.#.
#......'#.#.#.#.#.#.#


You could see a gnoll.

Vanquished Creatures
  2 gnolls (D:3)
  An adder (D:2)
  2 worms (D:2)
  3 dart slugs
  An orc (D:3)
  3 bats
  An endoplasm (D:2)
  3 goblins
  3 hobgoblins
  3 ball pythons
  3 frilled lizards
  2 kobolds (D:2)
  7 rats
34 creatures vanquished.

Vanquished Creatures (others)
  A gnoll (D:3)
1 creature vanquished.

Grand Total: 35 creatures vanquished

Notes
Turn   | Place    | Note
-------+----------+-------------------------------------------
     0 | D:1      | MisterFreud the Demonspawn Air Elementalist began the quest
                  | for the Orb.
     0 | D:1      | Reached XP level 1. HP: 13/13 MP: 3/3
   658 | D:1      | Gained mutation: Your demonic aura sometimes causes spilled
                  | blood to erupt in flames. [demonic ancestry]
   658 | D:1      | Reached XP level 2. HP: 19/19 MP: 1/5
  1298 | D:2      | Found a faded altar of an unknown god.
  1577 | D:2      | Reached XP level 3. HP: 24/24 MP: 1/6
  2039 | D:2      | Found a bloodstained altar of Trog.
  2497 | D:3      | Reached XP level 4. HP: 27/30 MP: 0/7
  2502 | D:3      | Found Puymem's Magic Scroll Boutique.
  2518 | D:3      | Hit by a javelin thrown by a gnoll

Illustrated notes

Levels and vault maps discovered:
D:1:      amcnicky_arrival_underground_garden, layout_basic,
          ebering_dispersal_statue_hall
D:2:      layout_basic, basic_altar, shapermc_ecumenical_altar_notcrosses,
          st_stairs_5
D:3:      layout_basic, serial_shops, nicolae_shop_trees, uniq_natasha,
          uniq_grinder

Skill      XL: |  1  2  3 |
---------------+----------+-----
Stealth        | 2 3 |  3.1
Conjurations   | 3 |  3.0
Dodging        | |  1.7
Spellcasting   | |  2.0
Air Magic      | |  2.6

Action                   |  1- 3 |  4- 6 || total
-------------------------+-------+-------++-------
Melee: Dagger            |     8 |       ||     8
       Unarmed           |     1 |       ||     1
       Hand axe          |     1 |     2 ||     3
 Cast: Shock             |    71 |     2 ||    73
Armor: Robe              |     1 |       ||     1
Dodge: Dodged            |     8 |     5 ||    13
